 Dungeon Crawl Stone Soup version 0.31.0-9-g3a7656b989 (webtiles) character file.

Game seed: 18310568070603493318

368 qw the Shooter (level 6, 0/32 HPs)
             Began as a Spriggan Hunter on Feb 2, 2024.
             Slain by an orc
             ... wielding a +0 hand axe
              (3 damage)
             ... on level 4 of the Dungeon.
             The game lasted 00:00:09 (2197 turns).

qw the Shooter (Spriggan Hunter)                    Turns: 2197, Time: 00:00:10

Health: 0/32       AC:  7    Str:  7    XL:     6   Next: 41%
Magic:  7/7        EV: 20    Int: 10    God:
Gold:   177        SH:  5    Dex: 18    Spells: 5/5 levels left

rFire   . . .        a - +1 shortbow
rCold   . . .        (shield currently unavailable)
rNeg    . . .        l - +2 robe of the Cooper {Fly rPois Dex-3 Slay+6}
rPois   +            (helmet restricted)
rElec   .            i - +2 cloak
rCorr   .            (gloves unavailable)
SInv    +            (boots unavailable)
Will    +....        g - amulet of reflection
Stlth   ++           (no ring)
HPRegen 0.25/turn    (no ring)
MPRegen 0.10/turn

%: reflection
@: about to teleport, flying, very quick
A: very small, no large weapons, unfitting armour, see invisible, speed 3
a: no special abilities


You were on level 4 of the Dungeon.
You visited 1 branch of the dungeon, and saw 4 of its levels.
You also visited: Sewer.

You collected 177 gold pieces.


Innate Abilities, Weirdness & Mutations

You are very small and have problems with some larger weapons.
You are too small for most types of armour.
You have supernaturally acute eyesight. (SInv)
You cover ground extremely quickly. (Speed+++)


   Skills:
 - Level 2.9 Fighting
 - Level 6.0 Ranged Weapons
 + Level 5.6 Dodging
 - Level 1.5 Stealth


You had 5 spell levels left.
You didn't know any spells.
Your spell library was empty.

Inventory:

Hand Weapons
 a - a +1 shortbow (weapon)
Armour
 i - a +2 cloak (worn)
 l - the +2 robe of the Cooper (worn) {Fly rPois Dex-3 Slay+6}
   (You took it off a hobgoblin on level 3 of the Dungeon)

   Dex-3:     It affects your dexterity (-3).
   Slay+6:    It affects your accuracy & damage with ranged weapons and melee
   (+6).
   rPois:     It protects you from poison Fly: It grants you flight.
Jewellery
 g - an amulet of reflection (around neck)
Wands
 j - a wand of iceblast (5)
Potions
 b - a potion of curing {unknown}
 d - 2 potions of heal wounds
 k - a potion of enlightenment
 m - a potion of lignification {unknown}

Dungeon Overview and Level Annotations

Branches:
Dungeon (4/15)              Sewer (visited)
 Temple: D:4-7

Altars:

Annotations:
D:3 3 runed translucent doors, qw's ghost, amateur GrHu


Message History

Found a ring mail.
There is a stone staircase leading down here.
An orc wizard and an orc come into view.
The orc is wielding a +1 flail of holy wrath.
Found a scroll of teleportation.
The orc wizard shouts!
You shoot an arrow. The arrow hits the orc.
The orc is severely wounded.
An orc comes into view. It is wielding a +0 hand axe.
You shoot an arrow. The orc shouts!
The arrow hits the orc!
You kill the orc!
You shoot an arrow. The arrow misses the orc wizard.
An orc priest comes into view. It is wielding a +0 club.
You shoot an arrow. The orc priest shouts!
The arrow hits the orc wizard!
The orc wizard is heavily wounded.
An orc comes into view. It is wielding a +0 short sword.
You shoot an arrow. The arrow barely misses the orc wizard.
The orc shouts!
You shoot an arrow. The arrow hits the orc wizard.
The orc wizard is severely wounded.
You block the orc wizard's attack.
You shoot an arrow.
The arrow closely misses the orc wizard.
The orc priest invokes the aid of Beogh against you.
Beogh smites you!
The orc wizard hits you but does no damage.
You shoot an arrow. The arrow hits the orc wizard.
You kill the orc wizard!
The orc priest invokes the aid of Beogh against you.
Beogh smites you!
Ouch! That really hurt!
2197 ||| READING scroll of teleportation.
As you read the scroll of teleportation, it crumbles to dust.
You feel strangely unstable. The orc hits you with a +0 hand axe.
You die...

.###### ......# #?
.####.# #.. .# #.# #.#
.####.# ####.##
......# #.....#
.####.# #.....#######
.# #.# #.....o?.oo..
## #.# #....@# #####.#
#.....#
......########..######
#####.....>....[......
#....)......######
#...............
################


You could see an orc priest and 2 orcs.

Vanquished Creatures
  A crocodile (Sewer)
  An orc priest (D:4)
  2 bombardier beetles
  3 orc wizards
  A gnoll (D:2)
  An adder (D:2)
  A dart slug (D:3)
  7 orcs
  12 ball pythons
  6 endoplasms
  3 giant cockroaches
  3 goblins
  8 hobgoblins
  9 jackals
  4 quokkas
  6 bats
  2 frilled lizards (D:1)
  9 kobolds
  7 rats
86 creatures vanquished.

Notes
Turn   | Place    | Note
-------+----------+-------------------------------------------
     0 | D:1      | qw the Spriggan Hunter began the quest for the Orb.
     0 | D:1      | Reached XP level 1. HP: 10/10 MP: 2/2
     0 | D:1      | 0 ||| qw: Version: 0.3-a-155-g5e7d8dd
     0 | D:1      | 0 ||| qw: Game counter: 1432
     0 | D:1      | 0 ||| qw: Melee chars always use a shield: true
     0 | D:1      | 0 ||| qw: God list: Okawaru
     0 | D:1      | 0 ||| qw: Allow faded altars: false
     0 | D:1      | 0 ||| qw: Do Orc after clearing Dungeon:15 true
     0 | D:1      | 0 ||| qw: Do second Lair branch before Depths: true
     0 | D:1      | 0 ||| qw: Lair rune preference: random
     0 | D:1      | 0 ||| qw: Goals: Normal
     0 | D:1      | 0 ||| PLANNING D:1-11
    44 | D:1      | Reached skill level 3 in Dodging
   102 | D:1      | Reached XP level 2. HP: 14/14 MP: 3/3
   476 | D:1      | 476 ||| UPGRADING to +0 cloak.
   481 | D:1      | 481 ||| UPGRADING to amulet of reflection.
   486 | D:1      | 486 ||| READING scroll labelled ZONENG WEHOCK.
   486 | D:1      | 486 ||| ENCHANTING +0 cloak.
   487 | D:1      | 487 ||| READING scroll labelled DAG PASEULO.
   487 | D:1      | 487 ||| ENCHANTING +0 shortbow.
   488 | D:1      | 488 ||| READING scroll labelled BEOT SYPEIGE.
   488 | D:1      | 488 ||| IDENTIFYING emerald potion
   489 | D:1      | 489 ||| READING scroll labelled SERGHU YMAWAM.
   590 | D:1      | 590 ||| DROPPING scroll of butterflies.
   591 | D:1      | 591 ||| DROPPING potion of attraction.
   886 | D:2      | Reached XP level 3. HP: 18/18 MP: 4/4
   892 | D:2      | Found a faded altar of an unknown god.
  1210 | D:2      | 1210 ||| READING scroll labelled NESTRE FEFESSI.
  1211 | D:2      | 1211 ||| READING scroll labelled QUGEIF ZYU.
  1330 | D:3      | 1330 ||| PLANNING SEWER
  1359 | D:3      | Reached skill level 5 in Ranged Weapons
  1359 | D:3      | Reached XP level 4. HP: 22/22 MP: 5/5
  1473 | D:3      | Found a runed translucent gate.
  1473 | D:3      | Found a runed translucent gate.
  1473 | D:3      | Found a runed translucent gate.
  1477 | D:3      | Noticed qw's ghost (amateur GrHu)
  1629 | D:3      | Identified the +2 robe of the Cooper {Fly rPois Dex-3
                  | Slay+6}
  1706 | D:3      | Found a glowing drain.
  1707 | D:3      | 1707 ||| UPGRADING to +2 robe of the Cooper {Fly rPois
                  | Dex-3 Slay+6}.
  1717 | D:3      | 1717 ||| DROPPING +0 robe.
  1718 | D:3      | 1718 ||| DROPPING amulet of the acrobat.
  1719 | D:3      | 1719 ||| READING 3 scrolls of identify.
  1719 | D:3      | 1719 ||| IDENTIFYING fizzy white potion
  1720 | D:3      | 1720 ||| READING 2 scrolls of identify.
  1720 | D:3      | 1720 ||| IDENTIFYING fizzy sapphire potion
  1721 | D:3      | 1721 ||| READING scroll of identify.
  1721 | D:3      | 1721 ||| IDENTIFYING viscous brown potion
  1722 | D:3      | 1722 ||| READING scroll labelled DASOYZI PEFEICW.
  1723 | D:3      | 1723 ||| DROPPING potion of magic.
  1727 | Sewer    | Entered a sewer
  1765 | Sewer    | Noticed a crocodile
  1767 | Sewer    | 1767 ||| ZAPPING wand of iceblast (8) at -1,-5 (crocodile;
                  | floor).
  1768 | Sewer    | 1768 ||| ZAPPING wand of iceblast (7) at -1,-3 (crocodile;
                  | floor).
  1769 | Sewer    | 1769 ||| ZAPPING wand of iceblast (6) at 0,-2 (crocodile;
                  | floor).
  1769 | Sewer    | Killed a crocodile
  1770 | Sewer    | Reached XP level 5. HP: 28/28 MP: 6/6
  1780 | Sewer    | 1780 ||| READING scroll of enchant armour.
  1780 | Sewer    | 1780 ||| ENCHANTING +1 cloak.
  1829 | Sewer    | 1829 ||| DROPPING ring of flight.
  1830 | Sewer    | 1830 ||| READING scroll labelled AMAXYF PUES.
  1831 | Sewer    | 1831 ||| READING scroll labelled JUIROHOFUA.
  1845 | D:3      | 1845 ||| PLANNING D:1-11
  1877 | D:3      | 1877 ||| FLEEEEING.
  2023 | D:4      | Reached XP level 6. HP: 32/32 MP: 7/7
  2088 | D:4      | Reached skill level 6 in Ranged Weapons
  2196 | D:4      | HP: 3/32 [orc priest/divine providence (16)]
  2197 | D:4      | 2197 ||| READING scroll of teleportation.
  2197 | D:4      | Slain by an orc

Levels and vault maps discovered:
D:1:      lemuel_arrival_cross, layout_rooms, serial_curves, eino_curves_01,
          eino_curves_01
D:2:      layout_loops_ring, basic_ecumenical_altar, st_stairs_9,
          kennysheep_generic_room_16
D:3:      layout_rooms, mainiacjoe_sewer_entry_somewhere_in_here_2,
          gammafunk_ghost_necromancy
D:4:      layout_loops_ring

Skill      XL: |  1  2  3  4  5  6 |
---------------+-------------------+-----
Dodging        | 3 4 5 |  5.6
Ranged Weapons | 5 6 |  6.0
Fighting       | 2 |  2.9
Stealth        | |  1.5

Action                     |  1- 3 |  4- 6 || total
---------------------------+-------+-------++-------
   Fire: Shortbow          |    79 |    96 ||   175
  Evoke: Wand              |       |     3 ||     3
    Use: Scroll            |     6 |     8 ||    14
 Armour: Robe              |     7 |     4 ||    11
  Dodge: Dodged            |    15 |     9 ||    24
  Block: Other             |     1 |     4 ||     5
         Reflection        |     1 |       ||     1

Table legend:
 A = Non-vault XP
 B = Vault XP
 C = Vault XP percentage of total XP
 D = Non-vault monster count
 E = Vault monster count
 F = Vault count percentage of total count
                 A         B        C        D         E       F
            +---------+---------+-------+---------+---------+-------
      Total |     365 |     162 |  30.7 |      67 |      19 |  22.1
            +---------+---------+-------+---------+---------+-------
        D:1 |      24 |       0 |   0.0 |      14 |       0 |   0.0
        D:2 |      29 |      24 |  45.3 |      11 |       6 |  35.3
        D:3 |     127 |       8 |   5.9 |      27 |       6 |  18.2
        D:4 |     185 |       0 |   0.0 |      15 |       0 |   0.0
      Sewer |       0 |     130 | 100.0 |       0 |       7 | 100.0
            +---------+---------+-------+---------+---------+-------
